 Dungeon Crawl Stone Soup version 0.28.0-53-g5a82cb258f (webtiles) character file.

Game seed: 4442642499521610307

553 Peloso the Slasher (level 7, -12/61 HPs)
             Began as a Minotaur Fighter on July 15, 2022.
             Was a Follower of Okawaru.
             Killed from afar by a steam dragon (16 damage)
             ... with a ball of steam
             ... on level 5 of the Dungeon.
             The game lasted 00:05:46 (4352 turns).

Peloso the Slasher (Minotaur Fighter)               Turns: 4352, Time: 00:05:47

Health: -12/61     AC:  7    Str: 21    XL:     7   Next: 8%
Magic:  6/6        EV:  9    Int:  5    God:    Okawaru [*.....]
Gold:   150        SH: 10    Dex: 11    Spells: 6/6 levels left

rFire   . . .      SeeInvis .   a - +0 long sword
rCold   . . .      Faith    .   c - +0 buckler
rNeg    . . .      Spirit   .   b - +0 scale mail
rPois   .          Reflect  +   (helmet restricted)
rElec   .          Harm     .   (no cloak)
rCorr   .          Rampage  .   (no gloves)
Will    .....                   (no boots)
Stlth   ..........              i - amulet of reflection
HPRegen 0.20/turn               (no ring)
MPRegen 0.10/turn               (no ring)

@: studying Stealth
A: horns 2, retaliatory headbutt
a: Renounce Religion, Heroism


You were on level 5 of the Dungeon.
You worshipped Okawaru.
Okawaru was aware of your devotion.
You visited 1 branch of the dungeon, and saw 5 of its levels.

You collected 150 gold pieces.

Inventory:

Hand Weapons
 a - a +0 long sword (weapon)
Missiles
 m - 2 throwing nets (quivered)
Armour
 b - a +0 scale mail (worn)
 c - a +0 buckler (worn)
Magical Staves
 l - a staff of fire
Jewellery
 i - an amulet of reflection (around neck)
Wands
 j - a wand of paralysis (11)
 t - a wand of flame (15)
Scrolls
 g - a scroll of enchant armour {unknown}
 n - a scroll of enchant weapon {unknown}
 p - 3 scrolls of identify {unknown}
 r - 2 scrolls of amnesia {unknown}
Potions
 d - 3 potions of might
 e - 2 potions of attraction {unknown}
 f - a potion of mutation {unknown}
 h - a potion of flight
 k - a potion of berserk rage {unknown}
 o - a potion of haste {unknown}
 q - 2 potions of curing
 s - a potion of lignification {unknown}


   Skills:
 + Level 5.1 Fighting
 + Level 6.1 Long Blades
 + Level 5.9 Armour
 + Level 1.2 Dodging
 + Level 0.2 Stealth
 + Level 4.8 Shields


You had 6 spell levels left.
You didn't know any spells.
Your spell library was empty.

Dungeon Overview and Level Annotations

Branches:
Dungeon (5/15)
 Temple: D:4-7

Altars:
Cheibriados
Nemelex Xobeh
Okawaru
Ru
Trog

Annotations:
D:4 2 transporters, hitsuchi's ghost, amateur TeSu


Innate Abilities, Weirdness & Mutations

You have a pair of horns on your head.
You reflexively headbutt those who attack you in melee.


Message History

You hit the steam dragon but do no damage.
You block the steam dragon's attack.
The steam dragon claws you but does no damage.
The steam dragon bites you but does no damage.
The steam dragon closely misses you.
A bullfrog skeleton comes into view.
You hit the steam dragon but do no damage.
The steam dragon barely misses you. The steam dragon closely misses you.
You hit the steam dragon.
You headbutt the steam dragon, but do no damage.
The steam dragon is lightly wounded.
The steam dragon breathes steam at you. The ball of steam hits you!
You hit the steam dragon.
The steam dragon is moderately wounded.
You are engulfed in a cloud of scalding steam.
The steam dragon bites you but does no damage.
You block the steam dragon's attack.
You slash the steam dragon! Your headbutt misses the steam dragon.
The steam dragon is heavily wounded.
You are engulfed in a cloud of scalding steam.
* * * LOW HITPOINT WARNING * * *
The steam dragon breathes steam at you. The ball of steam hits you!
* * * LOW HITPOINT WARNING * * *
You block the bullfrog skeleton's attack.
You feel better.
You are engulfed in a cloud of scalding steam.
* * * LOW HITPOINT WARNING * * *
You block the steam dragon's attack. x2
You block the bullfrog skeleton's attack.
You slash the steam dragon!
The steam dragon is severely wounded.
You are engulfed in a cloud of scalding steam.
* * * LOW HITPOINT WARNING * * *
The bullfrog skeleton hits you.
* * * LOW HITPOINT WARNING * * *
The steam dragon breathes steam at you. The ball of steam hits you!
You die...

... #.# #.#### ≈ .....#
.# #.##.# ... ..#..####
#######.... #..#....#
#.........[ #.......##
#§§§Z...... .........##
##§.@D......
###.#.###.###.#§####....
# #.#.# #.#..§#.# . #
..#.# #.#...#.# ##.##.#
#.#...#.# #.
#.###.#...#.#
..#.........#
##.###...##....
#...###.## ...


You could see a steam dragon (catching breath) and a bullfrog skeleton.

Vanquished Creatures
  A necrophage (D:3)
  2 centaurs (D:4)
  A jelly (D:4)
  An orc priest (D:4)
  An orc wizard (D:4)
  A hound skeleton (D:4)
  3 gnolls (D:2)
  8 adders
  An adder skeleton (D:4)
  5 worms
  A dart slug (D:4)
  13 orcs
  6 ball pythons
  3 endoplasms
  4 giant cockroaches
  8 goblins
  6 hobgoblins
  3 jackals (D:3)
  2 quokkas
  7 bats
  5 frilled lizards
  5 kobolds
  5 rats
92 creatures vanquished.

Notes
Turn   | Place    | Note
-------+----------+-------------------------------------------
     0 | D:1      | Peloso the Minotaur Fighter began the quest for the Orb.
     0 | D:1      | Reached XP level 1. HP: 19/19 MP: 0/0
     0 | D:1      | Noticed an iron dragon
     1 | D:1      | Noticed a golden dragon
     1 | D:1      | Noticed a shadow dragon
     3 | D:1      | Noticed a large abomination
     3 | D:1      | Noticed a shadow dragon
     6 | D:1      | Noticed a tentacled monstrosity
     7 | D:1      | Noticed an iron dragon
     8 | D:1      | Noticed a shadow dragon
    12 | D:1      | Noticed a shadow dragon
    12 | D:1      | Noticed an orb of fire
    14 | D:1      | Noticed a large abomination
    14 | D:1      | Noticed a shadow dragon
    14 | D:1      | Noticed a large abomination
    16 | D:1      | Noticed a green draconian
    16 | D:1      | Noticed an iron dragon
    18 | D:1      | Noticed a large abomination
   218 | D:1      | Reached XP level 2. HP: 16/27 MP: 1/1
   608 | D:1      | Found a faded altar of an unknown god.
  1101 | D:2      | Reached XP level 3. HP: 33/33 MP: 2/2
  1688 | D:2      | Reached skill level 3 in Long Blades
  1690 | D:2      | Reached XP level 4. HP: 5/40 MP: 3/3
  2312 | D:3      | Found an iron altar of Okawaru.
  2537 | D:3      | Reached skill level 5 in Armour
  2709 | D:3      | Found a sacrificial altar of Ru.
  2962 | D:3      | Reached skill level 4 in Long Blades
  2962 | D:3      | Reached XP level 5. HP: 36/47 MP: 4/4
  2989 | D:3      | Became a worshipper of Warmaster Okawaru
  3279 | D:3      | Found a bloodstained altar of Trog.
  3346 | D:4      | Noticed a centaur
  3349 | D:4      | Noticed a necrophage
  3355 | D:4      | Killed a centaur
  3381 | D:3      | Killed a necrophage
  3382 | D:3      | Reached skill level 5 in Long Blades
  3382 | D:3      | Reached XP level 6. HP: 43/55 MP: 5/5
  3448 | D:4      | Found a transporter.
  3450 | D:4      | Noticed hitsuchi's ghost (amateur TeSu)
  3478 | D:4      | Reached * piety under Okawaru
  3479 | D:4      | Reached skill level 5 in Fighting
  3479 | D:4      | Reached skill level 1 in Dodging
  3796 | D:4      | Reached skill level 6 in Long Blades
  3850 | D:4      | Reached XP level 7. HP: 61/61 MP: 6/6
  3864 | D:4      | Found a sparkling altar of Nemelex Xobeh.
  3864 | D:4      | Found a snail-covered altar of Cheibriados.
  3926 | D:4      | Found a transporter.
  4187 | D:5      | Entered Level 5 of the Dungeon
  4341 | D:5      | Noticed a steam dragon
  4352 | D:5      | Killed from afar by a steam dragon

Illustrated notes

Levels and vault maps discovered:
D:1:      shiori_arrival_whats_in_store_for_you, layout_basic,
          shapermc_ecumenical_altar_mp_ritualfount, nicolae_wormholes
D:2:      layout_basic, minmay_misc_feat_cross
D:3:      minmay_chambers_of_threes, layout_basic,
          mainiacjoe_overflow_six_doors_small, lemuel_doored_altar,
          lemuel_tele_altar, guppyfry_early_orc_mine
D:4:      cheibrodos_pilgrimage, layout_rooms,
          mainiacjoe_overflow_large_starburst, gammafunk_ghost_mausoleum,
          minmay_manual_mares
D:5:      layout_loops_cross, serial_rivers, chequers_serial_rivers_large_a,
          chequers_serial_rivers_micro_e, chequers_serial_rivers_room_b,
          chequers_serial_rivers_small_b, chequers_serial_rivers_room_b,
          chequers_serial_rivers_micro_e

Skill      XL: |  1  2  3  4  5  6 |
---------------+-------------------+-----
Armour         | 4 5 |  5.9
Fighting       | 4 5 |  5.1
Long Blades    | 3 4 5 6 |  6.1
Shields        | 4 |  4.8
Dodging        | 1 |  1.2
Stealth        | |  0.2

Action                   |  1- 3 |  4- 6 |  7- 9 || total
-------------------------+-------+-------+-------++-------
Melee: Long sword        |    62 |   126 |    31 ||   219
       Headbutt          |    10 |    15 |     4 ||    29
  Use: Potion            |       |     4 |     1 ||     5
       Scroll            |       |     2 |       ||     2
Armor: Scale mail        |    30 |    48 |    14 ||    92
Dodge: Dodged            |    37 |    45 |     6 ||    88
Block: Buckler           |     8 |    56 |    17 ||    81
       Reflection        |       |     8 |       ||     8
